 Dungeon Sprint DCSS version 0.27-a0-695-gb4952372f7 (webtiles) character file.

Game seed: 2495148325592623553

65 mhtbhm the Shield-Bearer (level 4, -5/39 HPs)
             Began as a Formicid Fighter on Mar 21, 2021.
             Was a Follower of Okawaru.
             Slain by an orc warrior
             ... wielding a +0 mace
              (14 damage)
             ... in the Dungeon (Sprint VII: "The Pits").
             The game lasted 00:00:47 (300 turns).

mhtbhm the Shield-Bearer (Formicid Fighter)          Turns: 300, Time: 00:00:48

Health: -5/39      AC: 14    Str: 22    XL:     4   Next: 34%
Magic:  4/4        EV:  5    Int:  7    God:    Okawaru [*.....]
Gold:   0          SH: 10    Dex: 10    Spells: 3/3 levels left

rFire    . . .     SeeInvis +   a - +2 hand axe (vorpal)
rCold    . . .     Faith    .   c - +0 kite shield
rNeg     . . .     Spirit   .   b - +2 plate armour
rPois    .         Reflect  .   (helmet unavailable)
rElec    .         Harm     .   (no cloak)
rCorr    .         Rampage  .   (no gloves)
Will     .....                  (no boots)
Stlth    ..........             (no amulet)
HPRegen  0.13/turn              (no ring)
MPRegen  0.09/turn              (no ring)

@: no status effects
A: permanent stasis, dig shafts and tunnels, antennae 3, four strong arms
a: Dig, Renounce Religion, Heroism


You were in the Dungeon.
You worshipped Okawaru.
Okawaru was aware of your devotion.
You visited 1 branch

Inventory:

Hand Weapons
 a - a +2 vorpal hand axe (weapon)
Armour
 b - a +2 plate armour (worn)
 c - a +0 kite shield (worn)
Scrolls
 i - 5 scrolls of amnesia
 j - a scroll of summoning
Potions
 d - a potion of might
 e - 6 potions of curing
 f - 6 potions of heal wounds
 g - 4 potions of magic
 h - 2 potions of invisibility


   Skills:
 + Level 5.3 Fighting
 + Level 3.6 Axes
 + Level 5.7 Armour
 + Level 5.9 Shields


You had 3 spell levels left.
You didn't know any spells.
Your spell library was empty.

Dungeon Overview and Level Annotations

Branches:
Dungeon (1/1)

Altars:
Ashenzari
Cheibriados
Dithmenos
Elyvilon
Fedhas
Gozag
Hepliaklqana
Kikubaaqudgha
Makhleb
Nemelex Xobeh
Okawaru
Qazlal
Ru
Sif Muna
Trog
Uskayaw
Vehumet
Wu Jian
Xom
Yredelemnul
Zin
The Shining One
Beogh
Jiyva
Lugonu


Innate Abilities, Weirdness & Mutations

You cannot be hasted, slowed, berserked, paralysed or teleported.
You can dig through walls and to a lower floor.
You have a pair of large antennae on your head. (SInv)
Your four strong arms can wield two-handed weapons with a shield.


Message History

You see here a +1 vorpal trident.
e - 6 potions of curing (gained 5)
f - 6 potions of heal wounds (gained 5)
You see here a +0 long sword of holy wrath.
You see here a +0 quarterstaff of speed.
You see here a +1 dagger of draining.
You see here a +0 scale mail.
There is an open door here.
There is an open door here.
There is an open door here.
You see here a rat corpse.
There is an open door here.
You open the door.
There is an open door here.
As you open the door, it creaks loudly!
You sense a monster nearby.
An orc, an orc warrior and a mummy come into view.
The orc warrior shouts!
The orc shouts!
You hear an angry hiss.
You hear a shout! x2
There is an open door here.
A sky beast comes into view.
A ball python comes into view.
You hit the orc warrior.
The orc warrior is moderately wounded.
The sky beast flickers out of sight for a moment.
You block the orc warrior's attack.
You slash the orc warrior!
The orc warrior is heavily wounded.
The orc warrior hits you with a +0 mace!
You hit the orc warrior but do no damage.
The orc warrior is heavily wounded.
You block the orc warrior's attack.
You hit the orc warrior.
The orc warrior is severely wounded.
The orc warrior hits you with a +0 mace!
* * * LOW HITPOINT WARNING * * *
You closely miss the orc warrior.
The orc warrior is severely wounded.
The orc warrior hits you with a +0 mace!
You die...

#.#))#####†#####'##
#.#))#..†..##......
#.#))#..†..##......
#.#[[###'####......
#.##'#.....##...<..
#.#........##......
#.#........##......
#'###########......
#.@oYo..#{{ #######
#.###S..#{ #M# {
.#{ { #.# { #.. #..
#.. { ####


You could see an orc warrior, a sky beast (invisible), a mummy, an orc and a
ball python.

Vanquished Creatures
  An iguana (D)
  A worker ant (D)
  An adder (D)
  A ball python (D)
  A hobgoblin (D)
  2 frilled lizards (D)
  A jackal skeleton (D)
  A rat (D)
9 creatures vanquished.

Notes
Turn   | Place    | Note
-------+----------+-------------------------------------------
     0 | D        | mhtbhm the Formicid Fighter began the quest for the Orb.
     0 | D        | Reached XP level 1. HP: 18/18 MP: 1/1
    22 | D        | Found a bloodstained altar of Trog.
    22 | D        | Found a shimmering blue altar of Sif Muna.
    22 | D        | Found a viscous altar of Jiyva.
    22 | D        | Found a hazy altar of Hepliaklqana.
    22 | D        | Found an opulent altar of Gozag.
    23 | D        | Found a glowing golden altar of the Shining One.
    23 | D        | Found a glowing silver altar of Zin.
    23 | D        | Found a basalt altar of Yredelemnul.
    23 | D        | Found a shimmering altar of Xom.
    23 | D        | Found an ornate altar of the Wu Jian Council.
    23 | D        | Found a sacrificial altar of Ru.
    23 | D        | Found a stormy altar of Qazlal.
    23 | D        | Found an iron altar of Okawaru.
    23 | D        | Found a sparkling altar of Nemelex Xobeh.
    23 | D        | Found a burning altar of Makhleb.
    23 | D        | Found a blossoming altar of Fedhas.
    23 | D        | Found a white marble altar of Elyvilon.
    23 | D        | Found a shadowy altar of Dithmenos.
    23 | D        | Found a snail-covered altar of Cheibriados.
    25 | D        | Found a radiant altar of Vehumet.
    25 | D        | Found a corrupted altar of Lugonu.
    26 | D        | Found a hide-covered altar of Uskayaw.
    26 | D        | Found an ancient bone altar of Kikubaaqudgha.
    26 | D        | Found a broken altar of Ashenzari.
    31 | D        | Became a worshipper of Warmaster Okawaru
    85 | D        | Noticed a worker ant
    93 | D        | Killed a worker ant
    94 | D        | Reached skill level 5 in Armour
    94 | D        | Reached skill level 5 in Shields
    94 | D        | Reached XP level 2. HP: 20/26 MP: 2/2
    94 | D        | Reached XP level 3. HP: 24/31 MP: 3/3
   164 | D        | Reached * piety under Okawaru
   171 | D        | Reached skill level 5 in Fighting
   171 | D        | Reached XP level 4. HP: 27/39 MP: 4/4
   293 | D        | Noticed an orc warrior
   294 | D        | Noticed a sky beast
   300 | D        | Slain by an orc warrior

Illustrated notes

Levels and vault maps discovered:
D:        pitsprint [storerooms_1, entrance_room_1, metal_vault_1, armoury_2,
          mini_pit_1, grid_room_1, main_hall_1, silver_pit, the_coven_3,
          the_vestibule_1, steel_vault_3, golden_pit, hallway_of_sentries,
          crystal_vault_4, iron_vault_4, final_vault]

Skill      XL: |  1  2  3 |
---------------+----------+-----
Shields        | 5 |  5.9
Fighting       | 4 5 |  5.3
Armour         | 5 |  5.7
Axes           | 3 |  3.6

Action                   |  1- 3 |  4- 6 || total
-------------------------+-------+-------++-------
Melee: Hand axe          |    23 |     5 ||    28
       War axe           |     5 |       ||     5
Armor: Scale mail        |    10 |       ||    10
Dodge: Dodged            |     6 |       ||     6
Block: Kite shield       |    14 |     2 ||    16

Table legend: (Time is in decaauts)
 A = Elapsed time spent in this place.
 B = Non-inter-level travel time spent in this place.
 C = Inter-level travel time spent in this place.
 D = Time resting spent in this place.
 E = Time spent auto-exploring this place.
 F = Levels seen in this place.
 G = Mean time per level.
                   A        B        C        D        E       F      G
               +--------+--------+--------+--------+--------+-----+--------+
         Total |    310 |    310 |      0 |     63 |     83 |   1 |  310.0 |
       Dungeon |    310 |    310 |      0 |     63 |     83 |   1 |  310.0 |
               +--------+--------+--------+--------+--------+-----+--------+

Top non-repeatable levels by time:
       D: 310 daAuts
